 Dungeon Crawl Stone Soup version 0.25-b1-29-g4cfa5c7bda (webtiles) character file.

Game seed: 11901392735683037520, levelgen mode: deterministic

940 Edgeworth the Cleaver (level 8, -7/68 HPs)
             Began as a Hill Orc Fighter on June 3, 2020.
             Splashed by an orc's acid (11 damage)
             ... on level 5 of the Dungeon.
             The game lasted 00:06:05 (3899 turns).

Edgeworth the Cleaver (Hill Orc Fighter)            Turns: 3899, Time: 00:06:07

Health: -7/68      AC: 10    Str: 21    XL:     8   Next: 12%
Magic:  8/8        EV:  6    Int:  8    God:
Gold:   150        SH: 10    Dex: 10    Spells: 7/7 levels left

rFire    . . .     SeeInvis .   a - +0 war axe
rCold    . . .     Gourm    .   c - +0 kite shield
rNeg     + . .     Faith    .   r - +0 chain mail
rPois    +         Spirit   .   g - +0 helmet
rElec    .         Reflect  .   (no cloak)
rCorr    .         Harm     .   (no gloves)
MR       .....                  w - +2 pair of boots
Stlth    ..........             (no amulet)
HPRegen  0.21/turn              n - ring of positive energy
MPRegen  0.11/turn              s - ring of poison resistance

@: corroded
A: no striking features
a: no special abilities


You were on level 5 of the Dungeon.
You were not hungry.

You visited 1 branch of the dungeon, and saw 5 of its levels.

You collected 150 gold pieces.

Inventory:

Hand Weapons
 a - a +0 war axe (weapon)
 v - a +0 flail of protection
Armour
 b - a +0 scale mail
 c - a +0 kite shield (worn)
 g - a +0 helmet (worn)
 m - a +1 pair of boots
 r - a +0 chain mail (worn)
 w - a +2 pair of boots (worn)
Jewellery
 n - a ring of positive energy (left hand)
 s - a ring of poison resistance (right hand)
Wands
 d - a wand of iceblast (7)
 y - a wand of random effects (20)
Scrolls
 e - 5 scrolls of remove curse {unknown}
 i - 3 scrolls of magic mapping {unknown}
 j - 6 scrolls of identify {unknown}
 k - a scroll of fear {unknown}
 o - a scroll of fog {unknown}
 q - 4 scrolls of teleportation {unknown}
 B - a scroll of noise {unknown}
Potions
 h - a potion of stabbing {unknown}
 l - a potion of lignification
 p - a potion of magic {unknown}
 t - a potion of haste {unknown}
 x - a potion of flight {unknown}
 z - a potion of berserk rage {unknown}
Comestibles
 f - 8 rations
 A - 9 chunks of flesh


   Skills:
 + Level 5.3 Fighting
 + Level 8.3 Axes
 + Level 5.4 Armour
 + Level 5.7 Shields


You had 7 spell levels left.
You didn't know any spells.
Your spell library was empty.

Dungeon Overview and Level Annotations

Branches:
Dungeon (5/15)
 Temple: D:4-7

Altars:
Cheibriados
Gozag
Okawaru
Trog
Uskayaw


Message History

The sky beast is heavily wounded.
The sky beast hits you. The sky beast shocks you.
* * * LOW HITPOINT WARNING * * *
You miss the sky beast.
The sky beast is heavily wounded.
The sky beast hits you but does no damage.
Unknown command.
You miss the sky beast.
The sky beast is heavily wounded.
The sky beast hits you but does no damage.
You closely miss the sky beast.
The sky beast is heavily wounded.
You block the sky beast's attack.
You slash the sky beast!
You kill the sky beast!
You are no longer corroded.
The orc zaps a wand.
The bolt of acid hits you!
* * * LOW HITPOINT WARNING * * *
The acid corrodes you!
You are splashed with acid!
You die...

##########
#########........# ##
.................# #.
..............#..# #.
............##...### #.
#..........#.#.[...####.
#.....†##.#...#..)...#
#.#...@#.##....#..###.#
#.####†#.#....##.....#
##..##o#Y....######.#
...##....##......# #..
.....J..hh.......# ##.
.................#
######
.{.##....##......#
#..... .. ##..##.#.....#
#....≈
####.#.#............


You could see an orc.

Vanquished Creatures
  Eustachio (D:4)
  2 phantoms
  An ogre (D:4)
  A sky beast (D:5)
  A howler monkey (D:5)
  An orc wizard (D:4)
  A hound (D:5)
  A jelly (D:5)
  An iguana (D:4)
  2 worker ants
  Ijyb (D:4)
  Robin (D:4)
  10 adders
  An adder skeleton (D:4)
  2 worms
  2 dart slugs (D:1)
  4 leopard geckos
  12 orcs
  2 ball pythons (D:3)
  3 giant cockroaches
  12 goblins
  10 hobgoblins
  11 jackals
  4 kobolds
  3 bats
  5 frilled lizards
  A giant cockroach zombie (D:5)
  A leopard gecko skeleton (D:4)
  7 rats
104 creatures vanquished.

Vanquished Creatures (others)
  A jackal (D:5)
1 creature vanquished.

Grand Total: 105 creatures vanquished

Notes
Turn   | Place    | Note
-------+----------+-------------------------------------------
     0 | D:1      | Edgeworth the Hill Orc Fighter began the quest for the Orb.
     0 | D:1      | Reached XP level 1. HP: 19/19 MP: 1/1
   140 | D:1      | Reached XP level 2. HP: 26/27 MP: 2/2
   326 | D:1      | Reached skill level 3 in Axes
   432 | D:1      | Reached XP level 3. HP: 33/33 MP: 3/3
  1108 | D:2      | Found a bloodstained altar of Trog.
  1567 | D:2      | Found an opulent altar of Gozag.
  1613 | D:2      | Reached XP level 4. HP: 40/40 MP: 4/4
  1731 | D:3      | Found a snail-covered altar of Cheibriados.
  1901 | D:3      | Reached skill level 4 in Axes
  2077 | D:3      | Reached XP level 5. HP: 46/46 MP: 5/5
  2145 | D:3      | Found a hide-covered altar of Uskayaw.
  2851 | D:4      | Reached skill level 5 in Axes
  2916 | D:4      | Noticed an ogre
  2921 | D:4      | Killed an ogre
  2921 | D:4      | Reached XP level 6. HP: 33/53 MP: 6/6
  3103 | D:4      | Noticed a phantom
  3136 | D:4      | Killed a phantom
  3136 | D:4      | Reached skill level 6 in Axes
  3136 | D:4      | Reached skill level 5 in Shields
  3185 | D:4      | Noticed Ijyb
  3200 | D:4      | Killed Ijyb
  3207 | D:4      | Reached skill level 5 in Armour
  3207 | D:4      | Reached XP level 7. HP: 22/60 MP: 7/7
  3212 | D:4      | Found an iron altar of Okawaru.
  3222 | D:4      | Noticed Eustachio
  3238 | D:4      | Killed Eustachio
  3238 | D:4      | Reached skill level 7 in Axes
  3345 | D:4      | Noticed Robin
  3356 | D:4      | Killed Robin
  3674 | D:5      | Entered Level 5 of the Dungeon
  3713 | D:5      | Reached skill level 5 in Fighting
  3880 | D:5      | Identified the +6 scale mail "Sehyh Folobb" {Harm rC++ MR+}
  3892 | D:5      | Reached skill level 8 in Axes
  3892 | D:5      | Reached XP level 8. HP: 27/68 MP: 8/8
  3899 | D:5      | Splashed by an orc's acid

Illustrated notes

Levels and vault maps discovered:
D:1:      dpeg_arrival_brainrot, layout_basic
D:2:      layout_basic, nicolae_gozag_seed_capital, lemuel_doored_altar
D:3:      layout_basic, eat_drink_and_be_merry_uskayaw,
          nicolae_overflow_hidden_temple
D:4:      layout_basic, first_ration, okawaru_ov_weapons_minmay, uniq_ijyb,
          uniq_eustachio, uniq_robin
D:5:      layout_rooms, nicolae_overflow_crystal_walls, serial_shops,
          nicolae_shop_waterfront, grunt_ministairs_6, chequers_avenue,
          chequers_serial_rivers_micro_d, minmay_misc_feat_secret_circle,
          kennysheep_potato, uniq_sigmund

Skill      XL: |  1  2  3  4  5  6  7 |
---------------+----------------------+-----
Axes           | 3 4 5 6 8 |  8.3
Fighting       | 4 5 |  5.3
Armour         | 4 5 |  5.4
Shields        | 4 5 |  5.7

Action                   |  1- 3 |  4- 6 |  7- 9 || total
-------------------------+-------+-------+-------++-------
Melee: War axe           |   115 |   169 |   103 ||   387
  Use: Potion            |       |       |     4 ||     4
  Eat: Chunk             |     2 |     6 |     2 ||    10
Armor: Scale mail        |    57 |       |       ||    57
       Chain mail        |     4 |    90 |    52 ||   146
       Skin              |       |       |     3 ||     3
Dodge: Dodged            |    39 |    32 |    17 ||    88
Block: Kite shield       |    66 |    81 |    55 ||   202
